 Dungeon Crawl Stone Soup version 0.14-a0-1663-g0b35444 (webtiles) character file.

112 PolkaDot the Vexing (level 3, 0/24 HPs)
             Began as a Vampire Enchanter on Dec 29, 2013.
             Was an Initiate of Ashenzari.
             Slain by an adder (2 damage)
             ... on Level 2 of the Dungeon.
             The game lasted 00:05:11 (1152 turns).

PolkaDot the Vexing (Vampire Enchanter)             Turns: 1152, Time: 00:05:12

HP   0/24        AC  3     Str  7      XL: 3   Next: 37%
MP   5/6         EV 12     Int 17      God: Ashenzari [......]
Gold 69          SH  0     Dex 15      Spells:  2 memorised,  2 levels left

rFire  . . .     SeeInvis +     a - +1 dagger
rCold  . . .     Clarity  .     b - +1 robe
rNeg   . . .     Conserve .     (no shield)
rPois  .         rCorr    .     (no helmet)
rElec  .         rRot     .     (no cloak)
SustAb . .       Spirit   .     (no gloves)
rMut   .         Warding  .     (no boots)
Saprov . . .     Stasis   .     (no amulet)
                                (no ring)
                                (no ring)

@: regenerating quickly, mildly poisoned, slightly resistant to hostile
enchantments, quite stealthy
A: fangs 3, see invisible, unbreathing
a: Renounce Religion


You were on level 2 of the Dungeon.
You worshipped Ashenzari.
Ashenzari was noncommittal.
You were very full.

You visited 1 branch of the dungeon, and saw 2 of its levels.

You collected 69 gold pieces.

Inventory:

Hand weapons
 a - a +1,+1 dagger (weapon)
Missiles
 d - 12 darts (quivered)
Armour
 b - a +1 robe (worn)
Scrolls
 e - 2 scrolls of identify {unknown}
 g - 2 scrolls of teleportation {unknown}
 h - a scroll of amnesia {unknown}
 i - a scroll of recharging {unknown}
 j - a scroll of blinking {unknown}
 p - a scroll of noise {unknown}
 q - a scroll of fog {unknown}
Potions
 f - a potion of cure mutation {unknown}
 k - a potion of agility {unknown}
 l - a potion of invisibility {unknown}
 m - a potion of curing {unknown}
 n - 2 potions of might {unknown}
 o - a potion of magic {unknown}
Books
 c - a book of Maledictions

   Spells                             Type                      Level
   *Corona                            Hexes                        1
   Sure Blade                         Hexes/Charms                 2
   Ensorcelled Hibernation            Hexes/Ice                    2
   *Confuse                           Hexes                        3
   Enslavement                        Hexes                        4
   Invisibility                       Hexes                        6


   Skills:
 + Level 1.5 Short Blades
 - Level 0.7 Throwing
 - Level 2.1 Dodging
 + Level 4.2 Stealth
 - Level 2.0 Spellcasting
 * Level 5.6 Hexes


You had 2 spell levels left.
You knew the following spells:

 Your Spells              Type           Power        Failure   Level  Hunger
a - Corona                Hex            ###....      1%          1    #......
c - Confuse               Hex            ###.....     8%          3    ####...


Dungeon Overview and Level Annotations

Branches:
Dungeon (2/16)

Altars:
Ashenzari
Fedhas
Yredelemnul


Innate Abilities, Weirdness & Mutations

Your natural rate of healing is unusually fast.
You have razor-sharp teeth.*
You have supernaturally acute eyesight.
You can survive without breathing.*


Message History

You feel sick. The adder closely misses you.
You hit the adder.
The adder is severely wounded.
* * * LOW HITPOINT WARNING * * *
You feel sick. The adder barely misses you.
You hit the adder.
The adder is severely wounded.
The adder bites you.
* * * LOW HITPOINT WARNING * * *
You barely miss the adder. You bite the adder.
The adder is almost dead.
* * * LOW HITPOINT WARNING * * *
You feel sick. The adder bites you but does no damage.
You barely miss the adder.
The adder is almost dead.
* * * LOW HITPOINT WARNING * * *
You feel sick. The adder bites you.
* * * LOW HITPOINT WARNING * * *
The adder bites you.
You die...

#.#
######..#...>##.........
#.#
#.............#.........
#.#
#.#####.......#.........
#.######.#
#(.......####....##
#........#
#..##...#####....#
##########
#..##.#........[.# #>...<#
#.#..#.#.#
#..##.###.#..#.#.##
#.@S(..............
##.###..............
#...#######.........
#...#######..####.#.
#............####...
###.#######>......#.
#..........#######. ##
#..#######.# #).. .#
#########..#######.#####...


You could see an adder.

Vanquished Creatures
  2 adders (D:2)
  3 bats (D:2)
  2 giant cockroaches
  3 hobgoblins
  4 kobolds
  5 goblins
  A quokka (D:2)
  6 rats
26 creatures vanquished.

Notes
Turn   | Place    | Note
--------------------------------------------------------------
     0 | D:1      | PolkaDot, the Vampire Enchanter, began the quest for the Orb.
     0 | D:1      | Reached XP level 1. HP: 13/13 MP: 3/3
   301 | D:1      | Reached XP level 2. HP: 13/19 MP: 2/4
   709 | D:2      | Reached skill level 5 in Hexes
   766 | D:2      | Reached XP level 3. HP: 15/24 MP: 4/6
  1031 | D:2      | Found a blossoming altar of Fedhas.
  1032 | D:2      | Found a basalt altar of Yredelemnul.
  1032 | D:2      | Found a shattered altar of Ashenzari.
  1040 | D:2      | Became a worshipper of Ashenzari the Shackled
  1045 | D:2      | Learned a level 3 spell: Confuse
  1152 | D:2      | Slain by an adder

Action                   || total
-------------------------++-------
Melee: Dagger            ||   112
 Cast: Corona            ||    11
  Use: Potion            ||     1
 Stab: Sleeping          ||     1
